 Dungeon Crawl Stone Soup version 0.28.0 (webtiles) character file.

Game seed: 5561446717202213922

54 bromine the Cudgeller (level 3, -7/36 HPs)
             Began as a Troll Berserker on Feb 10, 2022.
             Was a Follower of Trog.
             Mangled by Sigmund (12 damage)
             ... on level 2 of the Dungeon.
             The game lasted 00:05:33 (811 turns).

bromine the Cudgeller (Troll Berserker)              Turns: 811, Time: 00:05:34

Health: -7/36      AC:  4    Str: 25    XL:     3   Next: 66%
Magic:  2/2        EV: 10    Int:  3    God:    Trog [*.....]
Gold:   106        SH:  0    Dex: 11    Spells: 2/2 levels left

rFire   . . .      SeeInvis .   a - +0 mace
rCold   . . .      Faith    .   (no shield)
rNeg    . . .      Spirit   .   b - +0 animal skin
rPois   .          Reflect  .   (helmet restricted)
rElec   .          Harm     .   (no cloak)
rCorr   .          Rampage  .   (gloves unavailable)
Will    .....                   (boots unavailable)
Stlth   +.........              (no amulet)
HPRegen 0.92/turn               (no ring)
MPRegen 0.08/turn               (no ring)

@: no status effects
A: large, unfitting armour, claws 3, regeneration 1, shaggy fur 1, tough skin 1
a: Renounce Religion, Berserk


You were on level 2 of the Dungeon.
You worshipped Trog.
Trog was aware of your devotion.
You visited 1 branch of the dungeon, and saw 2 of its levels.

You collected 106 gold pieces.

Inventory:

Hand Weapons
 a - a +0 mace (weapon)
Armour
 b - a +0 animal skin (worn)
Potions
 c - a potion of heal wounds


   Skills:
 + Level 2.8 Fighting
 + Level 3.3 Maces & Flails
 + Level 3.0 Dodging


You had 2 spell levels left.
You didn't know any spells.
Your spell library was empty.

Dungeon Overview and Level Annotations

Branches:
Dungeon (2/15)

Altars:

Shops:
D:2 (

Annotations:
D:2 Sigmund


Innate Abilities, Weirdness & Mutations

You are too large for most types of armour.
You have claws for hands.
Your natural rate of healing is unusually fast.
You are covered in fur. (AC +1)
You have tough skin. (AC +1)


Message History

Sigmund hits you but does no damage. The rat misses you.
You barely miss the rat. The rat barely misses you.
You barely miss the rat. Sigmund hits you but does no damage.
The rat bites you but does no damage.
You're too confused to move!
Sigmund hits you from afar with a +0 scythe!
The rat bites you.
You bump into the rock wall.
The rat barely misses you. Sigmund hits you but does no damage.
You hit the rat.
You kill the rat!
Trog accepts your kill.
You feel less confused.
Sigmund points at you and mumbles some strange words.
You resist with significant effort.
You see here a rat corpse.
You hit Sigmund.
Sigmund is lightly wounded.
Sigmund completely misses you.
You closely miss Sigmund.
Sigmund is lightly wounded.
Sigmund gestures wildly while chanting.
Sigmund flickers and vanishes!
Deactivating autopickup; reactivate with Ctrl-A.
You hit something. Something hits you!
You miss something.
You hear some strange, mumbled words.
A magic dart appears from out of thin air!
The magic dart hits you.
You barely miss something. Something hits you.
You barely miss something. Something hits you.
You hit something. Something hits you.
* * * LOW HITPOINT WARNING * * *
You miss something.
You hear some strange, mumbled words.
Something tries to affect you, but you resist.
You closely miss something. Something hits you!
* * * LOW HITPOINT WARNING * * *
You hit something. Something hits you!
You die...

####........#
#.....#######
#(....#
#...†.#
#.....#
#.....#
#######.[...#
#...........#
#....{@.#####
#.......#
.........#
##.......#
#.......#
#.......#
#.......#
####+####


There were no monsters in sight!

Vanquished Creatures
  2 adders (D:2)
  2 dart slugs (D:1)
  5 ball pythons
  3 bats (D:1)
  An endoplasm (D:2)
  3 giant cockroaches
  A goblin (D:1)
  A hobgoblin (D:2)
  5 jackals (D:2)
  2 quokkas
  A frilled lizard (D:1)
  A kobold (D:1)
  2 rats
29 creatures vanquished.

Notes
Turn   | Place    | Note
-------+----------+-------------------------------------------
     0 | D:1      | bromine the Troll Berserker began the quest for the Orb.
     0 | D:1      | Reached XP level 1. HP: 22/22 MP: 0/0
   171 | D:1      | Reached XP level 2. HP: 29/29 MP: 1/1
   626 | D:2      | Found Nualezof's Antique Weapon Boutique.
   632 | D:2      | Reached XP level 3. HP: 35/36 MP: 2/2
   787 | D:2      | Noticed Sigmund
   811 | D:2      | Mangled by Sigmund

Illustrated notes

Levels and vault maps discovered:
D:1:      psy_arrival_heroes, layout_rooms
D:2:      layout_basic, serial_shops, nicolae_shop_window_shopping,
          nicolae_shop_bloodbath_and_beyond, shop_fountains, uniq_terence,
          uniq_jessica, uniq_sigmund

Skill      XL: |  1  2  3 |
---------------+----------+-----
Maces & Flails | 3 |  3.3
Dodging        | 3 |  3.0
Fighting       | |  2.8

Action                   || total
-------------------------++-------
Melee: Mace              ||   116
       Punch             ||     2
  Use: Potion            ||     1
Armor: Animal skin       ||    92
Dodge: Dodged            ||   129
